 Dungeon Crawl Stone Soup version 0.29.1-12-g30fa7ad0bf (webtiles) character file.

Game seed: 10644532416789128206

460 wormed the Shooter (level 6, 0/32 HPs)
             Began as a Spriggan Hunter on Dec 29, 2022.
             Slain by Pikel
             ... wielding a +0 whip of flaming
              (1 damage)
             ... on level 4 of the Dungeon.
             The game lasted 00:07:38 (4030 turns).

wormed the Shooter (Spriggan Hunter)                Turns: 4030, Time: 00:07:39

Health: 0/32       AC:  3    Str:  7    XL:     6   Next: 78%
Magic:  0/7        EV: 24    Int: 10    God:
Gold:   250        SH:  0    Dex: 21    Spells: 5/5 levels left

rFire   . . .      SeeInvis +   a - +0 shortbow
rCold   . . .      Faith    .   (shield currently unavailable)
rNeg    . . .      Spirit   +   c - +0 robe
rPois   .          Reflect  .   (helmet restricted)
rElec   .          Harm     .   i - +0 cloak
rCorr   .          Rampage  .   (gloves unavailable)
Will    +....                   (boots unavailable)
Stlth   +++.......              o - amulet of guardian spirit
HPRegen 0.10/turn               f - +4 ring of evasion
MPRegen 0.10/turn               (no ring)

@: very quick
A: very small, no large weapons, unfitting armour, see invisible, speed 3
a: no special abilities


You were on level 4 of the Dungeon.
You visited 2 branches of the dungeon, and saw 7 of its levels.
You also visited: Ossuary.

You collected 250 gold pieces.

Inventory:

Hand Weapons
 a - a +0 shortbow (weapon)
Armour
 c - a +0 robe (worn)
 i - a +0 cloak (worn)
Jewellery
 f - a +4 ring of evasion (left hand)
 m - an amulet of magic regeneration
 o - an amulet of guardian spirit (around neck)
 B - a ring of ice
Wands
 q - a wand of quicksilver (12)
Scrolls
 b - 3 scrolls of immolation
 d - a scroll of brand weapon {unknown}
 e - a scroll of enchant weapon {unknown}
 g - a scroll of acquirement {unknown}
 h - 2 scrolls of magic mapping {unknown}
 j - a scroll of summoning {unknown}
 k - a scroll of identify {unknown}
 s - 3 scrolls of teleportation {unknown}
 u - a scroll of enchant armour {unknown}
 w - a scroll of blinking {unknown}
 y - a scroll of amnesia {unknown}
Potions
 l - a potion of berserk rage {unknown}
 n - 4 potions of lignification {unknown}
 p - a potion of mutation {unknown}
 r - 2 potions of degeneration {unknown}
 t - a potion of invisibility {unknown}
 x - 2 potions of might {unknown}
 z - 2 potions of heal wounds {unknown}
 A - a potion of haste {unknown}


   Skills:
 + Level 3.0 Fighting
 * Level 6.1 Ranged Weapons
 + Level 4.8 Dodging
 + Level 5.0 Stealth


You had 5 spell levels left.
You didn't know any spells.
Your spell library contained the following spells:

 Spells                   Type           Power      Damage    Failure   Level
 Blade Hands              Tmut           0%         N/A       100%        5
 Irradiate                Conj/Tmut      0%         3d11      100%        5
 Dragon Form              Tmut           0%         N/A       100%        7


Dungeon Overview and Level Annotations

Branches:
Dungeon (6/15)             Temple (1/1) D:4         Ossuary (visited)

Altars:
Fedhas
Gozag
Kikubaaqudgha
Makhleb
Sif Muna
Uskayaw
Wu Jian
Xom
Zin

Shops:
D:1 (   D:4 *

Annotations:
D:4 Pikel


Innate Abilities, Weirdness & Mutations

You are very small and have problems with some larger weapons.
You are too small for most types of armour.
You have supernaturally acute eyesight. (SInv)
You cover ground extremely quickly. (Speed+++)


Message History

Fire: a) +0 shortbow
Press: ? - help, Q - select action, (/) - cycle Shift-Dir - straight line, f/p - Pikel
Aim: Pikel, wielding a +0 whip of flaming and wearing a +0 robe (almost dead, 60% to hit)
You shoot an arrow. The arrow closely misses Pikel.
Pikel misses you. The lemure hits you but does no damage.
Fire: a) +0 shortbow
Press: ? - help, Q - select action, (/) - cycle Shift-Dir - straight line, f/p - Pikel
Aim: Pikel, wielding a +0 whip of flaming and wearing a +0 robe (almost dead, 60% to hit)
You shoot an arrow. The arrow barely misses Pikel.
Pikel completely misses you. The lemure hits you but does no damage.
Fire: a) +0 shortbow
Press: ? - help, Q - select action, (/) - cycle Shift-Dir - straight line, f/p - Pikel
Aim: Pikel, wielding a +0 whip of flaming and wearing a +0 robe (almost dead, 60% to hit)
You shoot an arrow. The arrow closely misses Pikel.
The lemure completely misses you.
Pikel hits you with a +0 whip of flaming.
Pikel burns you.
* * * LOW HITPOINT WARNING * * *
Pikel hits you with a +0 whip of flaming.
* * * LOW HITPOINT WARNING * * *
Pikel burns you.
* * * LOW HITPOINT WARNING * * *
The lemure hits you.
* * * LOW HITPOINT WARNING * * *
You feel better. Pikel completely misses you. The lemure hits you.
* * * LOW HITPOINT WARNING * * *
You feel better. The lemure hits you.
* * * LOW HITPOINT WARNING * * *
Pikel completely misses you.
You feel better. Pikel closely misses you. The lemure hits you.
* * * LOW HITPOINT WARNING * * *
Fire: a) +0 shortbow
Press: ? - help, Q - select action, (/) - cycle Shift-Dir - straight line, f/p - Pikel
Aim: Pikel, wielding a +0 whip of flaming and wearing a +0 robe (almost dead, 60% to hit)
You shoot an arrow. The arrow hits Pikel.
Pikel is almost dead.
Pikel hits you with a +0 whip of flaming!
* * * LOW HITPOINT WARNING * * *
Pikel burns you.
You die...

##.## ########.#.## #######
............###.....##
.#####.##............######## .##
##.#.#[###.......5.K...# ^.#
##>...##......#######.# ..#
##.#.................# ..#
#.#####5##5.#######.# ..#######.#
##@#.## #.# ......5...# ##K## #.#
..#######.### #5# #.# ♣♣ #.#
#...# #5#########.#♣..♣
#.#########.# #....5..........♣
#........##.# #.<######.#..._.♣
########.##.# ##.# #.#.....♣
.....###.##.######.######.##.♣..♣
####...................##.##.♣♣♣♣


You could see Pikel and 3 lemures.

Vanquished Creatures
  Blork the orc (D:4)
  A water moccasin skeleton (D:4)
  A scorpion zombie (D:4)
  2 hound zombies (D:4)
  4 mummies
  4 adders (D:3)
  8 gnolls (D:2)
  5 adder zombies
  2 adder skeletons (D:4)
  A worm (D:2)
  3 dart slugs
  5 orcs (D:3)
  8 ball pythons
  9 bats
  8 endoplasms
  4 giant cockroaches
  A goblin (D:2)
  9 hobgoblins
  5 jackals (D:2)
  2 quokkas
  A frilled lizard (D:1)
  5 goblin zombies (Ossuary)
  4 hobgoblin zombies (Ossuary)
  3 kobolds
  2 kobold zombies
  3 orc zombies
  3 quokka zombies
  6 rats
  A butterfly (D:4)
111 creatures vanquished.

Vanquished Creatures (others)
  2 fungi (D:1)
  10 plants (D:2)
  A withered plant (D:4)
13 creatures vanquished.

Grand Total: 124 creatures vanquished

Notes
Turn   | Place    | Note
-------+----------+-------------------------------------------
     0 | D:1      | wormed the Spriggan Hunter began the quest for the Orb.
     0 | D:1      | Reached XP level 1. HP: 10/10 MP: 2/2
   162 | D:1      | Reached XP level 2. HP: 15/15 MP: 3/3
   265 | D:1      | Found Lozegh's Weapon Boutique.
   834 | D:1      | Found a faded altar of an unknown god.
   918 | D:2      | Reached XP level 3. HP: 18/18 MP: 4/4
  1023 | D:2      | Reached XP level 4. HP: 11/23 MP: 5/5
  1409 | D:2      | Reached skill level 5 in Ranged Weapons
  1868 | D:3      | Reached XP level 5. HP: 27/27 MP: 6/6
  2059 | D:3      | You fall into a shaft and drop 3 floors!
  2060 | D:6      | Noticed a sky beast
  2085 | D:5      | Entered Level 5 of the Dungeon
  2754 | D:4      | Noticed Blork the orc
  2772 | D:4      | Killed Blork the orc
  2773 | D:4      | Reached XP level 6. HP: 23/32 MP: 4/7
  2879 | D:4      | Noticed Pikel
  2897 | D:4      | Found a shimmering altar of Xom.
  2929 | D:4      | Found a sand-covered staircase.
  2936 | Ossuary  | Entered an ossuary
  3607 | D:4      | Reached skill level 6 in Ranged Weapons
  3607 | D:4      | Reached skill level 5 in Stealth
  3732 | D:4      | Found Ixuehun's Overcharged Wands.
  3778 | D:4      | Found a staircase to the Ecumenical Temple.
  3810 | Temple   | Entered the Ecumenical Temple
  3991 | D:4      | Found an ornate altar of the Wu Jian Council.
  4030 | D:4      | HP: 1/32 [Pikel/+0 whip of flaming (7)]
  4030 | D:4      | Slain by Pikel

Illustrated notes

Levels and vault maps discovered:
D:1:      minmay_arrival_widening_spiral_wide, layout_loops_cross,
          shapermc_ecumenical_altar_petra, serial_shops, nicolae_shop_waterfront
D:2:      layout_basic, kennysheep_boxes
D:3:      layout_basic
D:4:      layout_loops_ring, xom_butterflies, mainiacjoe_overflow_alcove_1,
          temple_doors_e, serial_undead, serial_undead_e, serial_undead_a,
          serial_undead_a, serial_undead_e, nicolae_ossuary_entry_giza,
          hangedman_decor_slide_cut, nicolae_shop_overcharged_wands, uniq_pikel,
          uniq_blork_the_orc
D:5:      layout_cave_pods
D:6:      layout_loops_ring, mainiacjoe_overflow_catwalk_spiral,
          amcnicky_altar_gilded, nzn_hepliaklqana_mist_gate, okawaru_gym_becter,
          ebering_ghost_gozag
Temple:   nicolae_temple_little_seven

Skill      XL: |  1  2  3  4  5  6 |
---------------+-------------------+-----
Stealth        | 2 3 4 5 |  5.0
Dodging        | 3 4 |  4.8
Fighting       | 2 3 |  3.0
Ranged Weapons | 5 6 |  6.1

Action                   |  1- 3 |  4- 6 || total
-------------------------+-------+-------++-------
Melee: Shortbow          |       |     1 ||     1
 Fire: Shortbow          |    91 |   298 ||   389
  Use: Potion            |       |     3 ||     3
Armor: Robe              |     4 |    18 ||    22
Dodge: Dodged            |    23 |   193 ||   216
